 Dungeon Crawl Stone Soup version 0.27-a0-1071-ga85bd9520d (console) character file.

Game seed: 519977049233082911

2305 nht the Martial Artist (level 9, -1/57 HPs)
             Began as a Demonspawn Earth Elementalist on Apr 24, 2021.
             Was a Believer of Makhleb.
             Slain by a two-headed ogre
             ... wielding a +0 dire flail
              (2 damage)
             ... on level 6 of the Dungeon.
             The game lasted 00:10:22 (6695 turns).

nht the Martial Artist (DsEE)                       Turns: 6695, Time: 00:10:24

Health: -1/57      AC:  5    Str:  8    XL:     9   Next: 18%
Magic:  12/12      EV: 12    Int: 21    God:    Makhleb [**....]
Gold:   1311       SH:  0    Dex: 13    Spells: 11/12 levels left

rFire    . . .     SeeInvis .     - Unarmed
rCold    . . .     Faith    .   (no shield)
rNeg     + . .     Spirit   .   c - +0 robe
rPois    .         Reflect  .   k - +1 hat {Will+}
rElec    +         Harm     .   x - +0 cloak
rCorr    .         Rampage  .   (no gloves)
Will     +....                  l - +0 pair of boots "Uducuiro" {rElec rN+ Stlth+}
Stlth    +++.......             (no amulet)
HPRegen  0.19/turn              (no ring)
MPRegen  0.13/turn              (no ring)

@: no status effects
A: claws 1, foul stench 2, spiny 2, augmentation 1
a: Renounce Religion, Minor Destruction


You were on level 6 of the Dungeon.
You worshipped Makhleb.
Makhleb was pleased with you.
You visited 2 branches of the dungeon, and saw 7 of its levels.

You collected 1311 gold pieces.

Inventory:

Hand Weapons
 a - a +0 dagger
 d - a +0 short sword
 f - a +0 trident
 h - a +1 war axe of distortion
 m - a +4 whip
Armour
 c - a +0 robe (worn)
 k - a +1 hat of willpower (worn)
 l - the +0 pair of boots "Uducuiro" (worn) {rElec rN+ Stlth+}
   (You acquired it on level 3 of the Dungeon)

   It insulates you from electricity.
   It protects you from negative energy.
   It makes you more stealthy.
 x - a +0 cloak (worn)
Scrolls
 b - 2 scrolls of blinking
 e - 2 scrolls of teleportation
 n - a scroll of fear
 r - a scroll of enchant armour {unknown}
 u - a scroll of identify {unknown}
 v - a scroll of silence {unknown}
 y - a scroll of fog {unknown}
Potions
 g - a potion of ambrosia {unknown}
 i - a potion of degeneration {unknown}
 j - a potion of brilliance {unknown}
 o - 2 potions of mutation {unknown}
 p - a potion of flight {unknown}
 q - a potion of haste {unknown}
 s - a potion of magic {unknown}
 t - a potion of curing {unknown}
 w - a potion of lignification {unknown}
 z - a potion of cancellation {unknown}


   Skills:
 - Level 1.7 Dodging
 - Level 1.7 Stealth
 + Level 10.3 Unarmed Combat
 - Level 2.0 Spellcasting
 - Level 0.8 Transmutations
 - Level 4.5 Earth Magic
 + Level 2.6 Invocations


You had 11 spell levels left.
You knew the following spells:

 Your Spells              Type           Power      Damage    Failure   Level
a - Sandblast             Erth           42%        2d11      2%          1

Your spell library contained the following spells:

 Spells                   Type           Power      Damage    Failure   Level
 Passwall                 Tmut/Erth      10%        N/A       8%          2
 Beastly Appendage        Tmut           10%        N/A       11%         1
 Wereblood                Tmut           5%         N/A       16%         2
 Stone Arrow              Conj/Erth      22%        3d8       17%         3
 Spider Form              Tmut/Pois      1%         N/A       36%         3
 Confusing Touch          Hex            2%         N/A       41%         3
 Gell's Gravitas          Tloc           1%         N/A       41%         3
 Petrify                  Tmut/Erth      13%        N/A       43%         4
 Lee's Rapid Deconstruct  Erth           10%        3d9*      54%         5
 Ice Form                 Ice/Tmut       3%         N/A       77%         4
 Hydra Form               Tmut           2%         N/A       96%         5
 Yara's Violent Unravell  Hex/Tmut       1%         3d3       98%         5
 Metabolic Englaciation   Hex/Ice        1%         N/A       99%         5


Dungeon Overview and Level Annotations

Branches:
Dungeon (6/15)             Temple (1/1) D:4

Altars:
Ashenzari
Cheibriados
Dithmenos
Elyvilon
Makhleb
Nemelex Xobeh
Okawaru
Ru
Sif Muna
Trog
Vehumet
Wu Jian
Xom
The Shining One

Annotations:
D:5 1 runed translucent door, trm's ghost, amateur OpDe


Innate Abilities, Weirdness & Mutations

You have sharp fingernails.
You sometimes emit foul miasma when damaged in melee.
You are mostly covered in sharp spines.
Your magical and physical power is slightly enhanced at high health.


Message History

Press: ? - help, Shift-Dir - straight line, f/p - two-headed ogre
Aim: a two-headed ogre, wielding a +0 dire flail and a +0 giant club (lightly wounded)
The zap hits the two-headed ogre.
The two-headed ogre is moderately wounded.
Press: ? - help, Shift-Dir - straight line, f/p - two-headed ogre
Aim: a two-headed ogre, wielding a +0 dire flail and a +0 giant club (moderately wounded)
The zap hits the two-headed ogre.
The two-headed ogre is moderately wounded.
The gnoll splashes around in the water.
You scratch the two-headed ogre.
The two-headed ogre is moderately wounded.
The two-headed ogre is struck by your spines.
The two-headed ogre hits you with a +0 dire flail!
The two-headed ogre hits you with a +0 giant club!!
You barely miss the two-headed ogre.
The two-headed ogre is heavily wounded.
The gnoll splashes around in the water.
The two-headed ogre is struck by your spines.
The two-headed ogre barely misses you.
The two-headed ogre hits you with a +0 giant club!
* * * LOW HITPOINT WARNING * * *
You claw the two-headed ogre!
The two-headed ogre is severely wounded.
The gnoll splashes around in the water.
You scratch the two-headed ogre.
The two-headed ogre is almost dead.
The two-headed ogre barely misses you.
The two-headed ogre hits you with a +0 giant club.
* * * LOW HITPOINT WARNING * * *
The gnoll barely misses you.
You completely miss the two-headed ogre.
The two-headed ogre is almost dead.
The gnoll splashes around in the water.
You barely miss the two-headed ogre.
The two-headed ogre is almost dead.
The two-headed ogre is struck by your spines.
The two-headed ogre hits you with a +0 dire flail!
* * * LOW HITPOINT WARNING * * *
The two-headed ogre hits you with a +0 giant club.
You die...

█...........≈
█████..█....≈
█........
█.██████.██.████
█........██.█
██████..█..█ .
█████████†...██████...
......................
........@.......†.....
≈≈≈≈....O))≈≈≈≈≈≈≈≈≈≈≈
≈≈≈≈....≈g≈≈≈≈≈≈≈≈≈≈≈≈
≈≈≈≈....≈≈≈≈≈≈≈≈≈≈≈≈██
....................█


████''')█████████████ █....█ █....█ █..(.█ You could see a two-headed ogre and a
gnoll.

Vanquished Creatures
  Menkaure (D:5)
  An orc warrior (D:6)
  3 sky beasts
  2 black bears
  An ogre (D:6)
  2 phantoms
  A kobold brigand (D:6)
  A gnoll sergeant (D:6)
  A scorpion (D:4)
  A water moccasin skeleton (D:5)
  A water moccasin zombie (D:5)
  5 howler monkeys
  A centaur zombie (D:4)
  A bullfrog zombie (D:4)
  2 jellies
  6 orc priests
  Crazy Yiuf (D:5)
  2 hounds (D:6)
  2 centaur skeletons (D:5)
  6 orc wizards
  A hound skeleton (D:4)
  3 hound zombies (D:4)
  A howler monkey zombie (D:4)
  9 gnolls
  A howler monkey skeleton (D:6)
  4 adders
  5 adder skeletons (D:4)
  An adder zombie (D:4)
  A worm (D:3)
  4 dart slugs
  32 orcs
  6 endoplasms
  2 giant cockroaches
  4 goblins
  4 hobgoblins
  2 jackals (D:1)
  3 quokkas
  8 ball pythons
  2 bats
  2 frilled lizards (D:1)
  8 kobolds
  2 rats
146 creatures vanquished.

Vanquished Creatures (others)
  15 plants (D:6)
  4 toadstools (D:1)
  3 withered plants
22 creatures vanquished.

Grand Total: 168 creatures vanquished

Notes
Turn   | Place    | Note
-------+----------+-------------------------------------------
     0 | D:1      | nht the Demonspawn Earth Elementalist began the quest for
                  | the Orb.
     0 | D:1      | Reached XP level 1. HP: 13/13 MP: 3/3
   202 | D:1      | Gained mutation: You may rarely emit foul miasma when
                  | damaged in melee. [demonic ancestry]
   202 | D:1      | Reached XP level 2. HP: 10/19 MP: 0/5
  1418 | D:2      | Gained mutation: You have sharp fingernails. [demonic
                  | ancestry]
  1418 | D:2      | Reached XP level 3. HP: 17/24 MP: 0/6
  1874 | D:3      | Gained mutation: You sometimes emit foul miasma when
                  | damaged in melee. [demonic ancestry]
  1874 | D:3      | Reached XP level 4. HP: 14/30 MP: 0/7
  1874 | D:3      | Identified 3 scrolls of acquirement
  1874 | D:3      | Acquired a +1 hat of willpower
  1896 | D:3      | Acquired the +0 pair of boots "Uducuiro" {rElec rN+ Stlth+}
  1903 | D:3      | Acquired 928 gold pieces
  2108 | D:3      | Reached skill level 1 in Unarmed Combat
  2118 | D:3      | Reached skill level 2 in Unarmed Combat
  2456 | D:3      | Gained mutation: You are partially covered in sharp spines.
                  | [demonic ancestry]
  2456 | D:3      | Reached XP level 5. HP: 35/35 MP: 6/8
  3141 | D:4      | Reached skill level 3 in Unarmed Combat
  3184 | D:4      | Found a staircase to the Ecumenical Temple.
  3222 | Temple   | Entered the Ecumenical Temple
  3626 | Temple   | Became a worshipper of Makhleb the Destroyer
  3861 | D:4      | Reached skill level 4 in Unarmed Combat
  3861 | D:4      | Gained mutation: You are mostly covered in sharp spines.
                  | [demonic ancestry]
  3861 | D:4      | Reached XP level 6. HP: 37/41 MP: 3/9
  4045 | D:4      | Found a shimmering blue altar of Sif Muna.
  4067 | D:4      | Reached skill level 5 in Unarmed Combat
  4067 | D:4      | Reached * piety under Makhleb
  4313 | D:4      | Gained mutation: Your magical and physical power is
                  | slightly enhanced at high health. [demonic ancestry]
  4313 | D:4      | Reached XP level 7. HP: 43/46 MP: 4/10
  4385 | D:4      | Reached skill level 6 in Unarmed Combat
  4712 | D:5      | Entered Level 5 of the Dungeon
  4753 | D:5      | Noticed Menkaure
  4758 | D:5      | Killed Menkaure
  5060 | D:5      | Reached skill level 7 in Unarmed Combat
  5128 | D:5      | Reached XP level 8. HP: 37/52 MP: 11/11
  5142 | D:5      | Reached ** piety under Makhleb
  5351 | D:5      | Reached skill level 8 in Unarmed Combat
  5477 | D:5      | Found a runed translucent door.
  5478 | D:5      | Noticed Crazy Yiuf
  5623 | D:5      | Found a runed translucent door.
  5623 | D:5      | Noticed trm's ghost (amateur OpDe)
  5921 | D:5      | Killed Crazy Yiuf
  6119 | D:6      | Reached skill level 9 in Unarmed Combat
  6524 | D:6      | Reached skill level 10 in Unarmed Combat
  6524 | D:6      | Reached XP level 9. HP: 54/57 MP: 9/12
  6627 | D:6      | Reached skill level 1 in Invocations
  6679 | D:6      | Noticed a two-headed ogre
  6695 | D:6      | HP: 1/57 [two-headed ogre/+0 dire flail (8)]
  6695 | D:6      | Slain by a two-headed ogre

Illustrated notes

Levels and vault maps discovered:
D:1:      nicolae_arrival_somewhat_less_tricky_arrival, layout_basic,
          minmay_misc_feat_secret_circle, minmay_gold_behind_fungi,
          grunt_decor_mini_mirrors
D:2:      layout_rooms, minmay_hexomino_p4
D:3:      layout_basic
D:4:      layout_loops_corners, kennysheep_mini,
          minmay_temple_entry_proselytizer, serial_undead, serial_undead_b,
          serial_undead_c, serial_undead_a, serial_undead_d, serial_undead_f,
          serial_undead_c
D:5:      layout_basic, gammafunk_ghost_grave, serial_park_tiny_1,
          chequers_mini_garden, roderic_nine_men_s_morris,
          uniq_crazy_yiuf_cottage, uniq_menkaure
D:6:      lemuel_castle_with_subvaults [lemuel_castle_interior_carwin_2],
          layout_rooms, minitemple, serial_bayou, serial_bayou_shore_a,
          serial_bayou_ford_a, serial_bayou_crossing, serial_bayou_pond_b
Temple:   oiseaux_autumnal_temple

Skill      XL: |  1  2  3  4  5  6  7  8  9 |
---------------+----------------------------+-----
Earth Magic    | 3 4 |  4.5
Unarmed Combat | 2 4 5 7 10 | 10.3
Invocations    | 2 |  2.6
Dodging        | |  1.7
Stealth        | |  1.7
Spellcasting   | |  2.0
Transmutations | |  0.8

Action                   |  1- 3 |  4- 6 |  7- 9 || total
-------------------------+-------+-------+-------++-------
Melee: Dagger            |     2 |       |       ||     2
       Whip              |       |    11 |       ||    11
       Punch             |       |     1 |     3 ||     4
       Unarmed           |       |       |   135 ||   135
Throw: Dart              |       |       |     1 ||     1
 Cast: Sandblast         |    44 |    91 |    16 ||   151
Invok: Minor Destruction |       |       |    19 ||    19
  Use: Scroll            |       |     5 |     1 ||     6
 Stab: Sleeping          |       |       |     4 ||     4
Armor: Robe              |     5 |    12 |    27 ||    44
Dodge: Dodged            |     9 |    18 |    66 ||    93

Table legend: (Time is in decaauts)
 A = Elapsed time spent in this place.
 B = Non-inter-level travel time spent in this place.
 C = Inter-level travel time spent in this place.
 D = Time resting spent in this place.
 E = Time spent auto-exploring this place.
 F = Levels seen in this place.
 G = Mean time per level.
                   A        B        C        D        E       F      G
               +--------+--------+--------+--------+--------+-----+--------+
         Total |   6711 |   6502 |    209 |      9 |   5748 |   7 |  958.7 |
       Dungeon |   6269 |   6090 |    179 |      9 |   5339 |   6 | 1044.8 |
        Temple |    442 |    412 |     30 |      0 |    409 |   1 |  442.0 |
               +--------+--------+--------+--------+--------+-----+--------+

Top non-repeatable levels by time:
     D:4: 1363 daAuts
     D:5: 1270 daAuts
     D:3: 1221 daAuts
     D:1: 1190 daAuts
     D:6: 720 daAuts
     D:2: 503 daAuts
  Temple: 442 daAuts
